 Dungeon Crawl Stone Soup version 0.31.0 (webtiles) character file.

Game seed: 224847032561595634

310 Sobieck the Shooter (level 6, 0/44 HPs)
             Began as a Mummy Hunter on Jan 19, 2024.
             Slain by a black bear (2 damage)
             ... on level 4 of the Dungeon.
             The game lasted 00:05:59 (2587 turns).

Sobieck the Shooter (Mummy Hunter)                  Turns: 2587, Time: 00:06:00

Health: 0/44       AC:  3    Str: 15    XL:     6   Next: 17%
Magic:  6/6        EV: 12    Int:  8    God:
Gold:   285        SH:  0    Dex: 17    Spells: 5/5 levels left

rFire   x . .        a - +0 shortbow
rCold   + . .        (shield currently unavailable)
rNeg    + + +        c - +0 leather armour
rPois   ∞            (no helmet)
rElec   .            (no cloak)
rCorr   +            (no gloves)
SInv    .            (no boots)
Will    +....        (no amulet)
Stlth   ++           g - ring of resist corrosion
HPRegen 0.27/turn    m - ring of willpower
MPRegen 0.10/turn

%: faith
@: no status effects
A: cold resistance 1, negative energy resistance 3, torment resistance 2, heat
vulnerability 1, in touch with death 1, no potions, faith
a: no special abilities


You were on level 4 of the Dungeon.
You visited 1 branch of the dungeon, and saw 4 of its levels.

You collected 285 gold pieces.

Inventory:

Hand Weapons
 a - a +0 shortbow (weapon)
Missiles
 Z - a throwing net
Armour
 c - a +0 leather armour (worn)
Jewellery
 g - a ring of resist corrosion (left hand)
 m - a ring of willpower (right hand)
Scrolls
 b - a scroll of blinking
 d - a scroll of vulnerability {unknown}
 h - 2 scrolls of silence {!r}
 j - a scroll of immolation
 k - a scroll of torment {unknown}


   Skills:
 - Level 2.0 Fighting
 + Level 6.2 Ranged Weapons
 - Level 1.5 Dodging
 - Level 0.7 Stealth


You had 5 spell levels left.
You didn't know any spells.
Your spell library contained the following spells:

 Spells                   Type           Power      Damage    Failure   Level
 Slow                     Hex            0%         N/A       47%         1
 Confusing Touch          Hex            0%         N/A       85%         3
 Sigil of Binding         Hex            0%         N/A       85%         3
 Vampiric Draining        Necr           0%         2d6       85%         3
 Petrify                  Alch/Erth      0%         N/A       99%         4
 Irradiate                Conj/Alch      0%         3d11      100%        5
 Sublimation of Blood     Necr           Unusable   N/A       N/A         2

Dungeon Overview and Level Annotations

Branches:
Dungeon (4/15)
 Temple: D:4-7

Altars:
Okawaru
Uskayaw

Annotations:
D:3 Eustachio


Innate Abilities, Weirdness & Mutations

You are immune to poison.
Your flesh is cold resistant. (rC+)
You are immune to negative energy. (rN+++)
You are immune to unholy pain and torment.
You are vulnerable to heat. (rF-)
You are in touch with the powers of death.
You do not drink.
You have a special connection with the divine. (Faith)


Message History

The arrow hits the ribbon worm but does no damage.
The ribbon worm is heavily wounded.
You shoot an arrow. The arrow hits the ribbon worm.
The ribbon worm is heavily wounded.
You shoot an arrow. The arrow hits the ribbon worm.
The ribbon worm is almost dead.
You shoot an arrow. The arrow hits the ribbon worm.
The ribbon worm is almost dead.
You shoot an arrow. The arrow hits the ribbon worm!
You kill the ribbon worm!
No target in view!
Found a stone staircase leading down.
A black bear comes into view.
There is a stone staircase leading up here.
A black bear is nearby!
You shoot an arrow. The arrow hits the black bear.
The black bear is lightly wounded.
You shoot an arrow. The arrow barely misses the black bear.
You shoot an arrow. The arrow barely misses the black bear.
You shoot an arrow. The arrow hits the black bear!
The black bear is heavily wounded.
You shoot an arrow. The arrow hits the black bear!
The black bear is almost dead.
The black bear goes berserk!
You shoot an arrow.
The arrow hits the black bear but does no damage.
The black bear is almost dead.
The black bear closely misses you. The black bear claws you.
The black bear completely misses you.
You shoot an arrow. The arrow barely misses the black bear.
The black bear bites you!
The black bear claws you but does no damage.
The black bear barely misses you. The black bear misses you.
The black bear claws you. The black bear closely misses you.
You shoot an arrow. The arrow hits the black bear.
The black bear is almost dead.
The black bear barely misses you. The black bear claws you. x2
You are too injured to fight recklessly!
Unknown command.
You shoot an arrow. The arrow barely misses the black bear.
The black bear barely misses you. The black bear claws you. x2
The black bear bites you!
* * * LOW HITPOINT WARNING * * *
The black bear barely misses you.
The black bear claws you but does no damage.
Unknown command.
You shoot an arrow. The arrow hits the black bear.
The black bear is almost dead.
The black bear bites you.
You die...

.....,,..,,,,..........#.#####..#
#...##...,,,**#..................
#.......##.####......#........#..
.†.##)#.##....................>..
................................#
...............##...#.#.........#
...................##.#.........#
.>....#........##...#.#.........#
.............#.h@.....#.........#
.....##......##................##
.................................
......#......######..............
.##.####..#....###..#............
.#..###..#####......#............
...##....# #......#............
..###.##.# #...................
..###.##.#####......##.#.......##


You could see a black bear (berserk).

Vanquished Creatures
  A phantom (D:3)
  A scorpion (D:4)
  A sleepcap (D:4)
  5 adders
  A gnoll (D:1)
  A shadow imp (D:4)
  A ribbon worm (D:4)
  2 dart slugs
  2 orcs (D:4)
  6 bats
  7 endoplasms
  2 giant cockroaches (D:1)
  6 goblins
  4 hobgoblins
  5 jackals
  8 kobolds
  2 quokkas (D:1)
  8 ball pythons
  4 frilled lizards
  3 rats
70 creatures vanquished.

Notes
Turn   | Place    | Note
-------+----------+-------------------------------------------
     0 | D:1      | Sobieck the Mummy Hunter began the quest for the Orb.
     0 | D:1      | Reached XP level 1. HP: 16/16 MP: 1/1
    61 | D:1      | Reached XP level 2. HP: 22/22 MP: 2/2
   371 | D:1      | Reached skill level 4 in Ranged Weapons
   427 | D:1      | Reached XP level 3. HP: 27/27 MP: 3/3
  1352 | D:3      | Reached XP level 4. HP: 33/33 MP: 4/4
  1454 | D:3      | Noticed a +0 dagger
  1454 | D:3      | Noticed a +0 dagger
  1455 | D:3      | Found a hide-covered altar of Uskayaw.
  1686 | D:4      | Noticed Eustachio
  2043 | D:4      | Reached skill level 5 in Ranged Weapons
  2179 | D:4      | Noticed a scorpion
  2187 | D:4      | Killed a scorpion
  2188 | D:4      | Reached XP level 5. HP: 34/38 MP: 5/5
  2215 | D:4      | Found an iron altar of Okawaru.
  2408 | D:4      | Noticed a phantom
  2431 | D:3      | Killed a phantom
  2432 | D:3      | Reached skill level 6 in Ranged Weapons
  2432 | D:3      | Reached XP level 6. HP: 25/44 MP: 6/6
  2586 | D:4      | HP: 2/44 [black bear (12)]
  2587 | D:4      | Slain by a black bear

Illustrated notes

Levels and vault maps discovered:
D:1:      onia_arrival_pyramid, layout_rooms
D:2:      minmay_evil_eye, layout_basic
D:3:      layout_rooms, dancing_weapons_uskayaw
D:4:      layout_rooms, amcnicky_altar_gilded, lemuel_round_altar, st_stairs_13,
          uniq_eustachio

Skill      XL: |  1  2  3  4  5 |
---------------+----------------+-----
Ranged Weapons | 4 5 6 |  6.2
Fighting       | |  2.0
Dodging        | |  1.5
Stealth        | |  0.7

Action                     |  1- 3 |  4- 6 || total
---------------------------+-------+-------++-------
   Fire: Shortbow          |   113 |   131 ||   244
    Use: Scroll            |     1 |     7 ||     8
 Armour: Leather armour    |    32 |    52 ||    84
  Dodge: Dodged            |    18 |    46 ||    64
